Unix NetHack Version 5.0.0-0 post-release - last build Jun 10 2026 00:39:30 (3ee93aec679c4c4259841fe613dc97188e26a321,branch:main).

Game began 2026-06-21 16:30:00, ended 2026-07-12 03:54:04.

DeathOnAStick, neutral male human Wizard

                                 @AaDH@AAEAatq
                                 AE         DH
                                 aD TD3@wqq AD
                                 DA qO@ fwa XA                -----
      @      @                   A5 ftOAO@A OH                |...  A
                                 wJ mQ~@DOA 3Q          -    --A.---------
    A           A                ~D @DOwqDH @D       ....-- --)%.|.......|
    A    H@@q    @   @  &A  Y    @z   -@-   Yq    q .@..%.---..%.|..%%...|
          @       @  A@   D@fq   @DQTA@&DOHYDa     ...A@...-%%./)-..._...| q
    A                 @  @   z     @DAD3DaaD      .DA@/@%.---@...|.......|
   A                                  -@          ...JA..-- --A..|.......|
               A                    qqWH@D5       ---|----   --..---------@
             @ A        aDD        H5H&@UHHH -------.AA-----  |...
                        @aaAaSOA5 DAwOHDYAXca|.O..SAwA_%....| -----
                              aax  aD3A5EQO3--aaUaXz..@...E.|
                               @AD  @@Q&XA&--H'D.@A@.w......|
                                a t ---&---- .AH@t.xx%.z....
                                 wDDJDcmDfaYD%DaEAq.a.E....
                                    --------------------
DeathOnAStick the Wizard  St:25 Dx:18 Co:17 In:18 Wi:18 Ch:18  Neutral S:1484214
Astral Plane $:0 HP:0(231) Pw:373(373) AC:-43 TermIll Blind Stun Lev Xp:28/80051827 T:63445

Latest messages:
 Are you waiting to get hit?  Use 'm' prefix to force a no-op (to rest).
 Are you waiting to get hit?  Use 'm' prefix to force a no-op (to rest).
 What do you want to use or apply? [f-hl-nstxBORZ or ?*] g
 Nothing seems to happen.
 What do you want to use or apply? [f-hl-nstxBORZ or ?*] g
 You feel cured.  What a relief!
 The displacer beast moves the zruty out of its way!
 The displacer beast moves the elf-lady out of its way!
 The displacer beast moves the giant ant out of its way!
 The displacer beast moves the ogre king out of its way!
 The baluchitherium hits!
 The baluchitherium hits again!
 The ogre king misses!
 The invisible Pestilence just misses!
 The invisible Pestilence reaches out, and you feel fever and chills.
 You feel deathly sick.
 The orange dragon bites!
 The orange dragon hits!
 The orange dragon hits again!
 The invisible titan casts a spell!
 Famine moves the giant mimic out of the way!
 You hear Stephen the Arbalester reading a scroll of create monster.
 You hear a mumbled curse.
 Are you waiting to get hit?  Use 'm' prefix to force a no-op (to rest).
 Are you waiting to get hit?  Use 'm' prefix to force a no-op (to rest).
 You hit the invisible Pestilence.
 The ogre king misses!
 Are you waiting to get hit?  Use 'm' prefix to force a no-op (to rest).
 You hit the invisible Pestilence.
 The displacer beast moves the ogre queen out of its way!
 The invisible titan casts a spell!
 The displacer beast moves the genetic engineer out of its way!
 The baluchitherium hits!
 The baluchitherium misses!
 The ogre king misses!
 The invisible Pestilence reaches out, and you feel fever and chills.
 You feel much worse.
 The invisible Pestilence touches you!
 You stagger...
 The long worm is hit.
 The orange dragon bites!
 The orange dragon hits!
 The orange dragon hits again!
 You die...
 Do you want your possessions identified? [ynq] (y) y
 Do you want to see your attributes? [ynq] (y) y
 Do you want an account of creatures vanquished? [ynaq] (y) y
 Do you want a list of species genocided and extinct? [ynaq] (y) y
 Do you want to see your conduct and achievements? [ynq] (y) y
 Do you want to see the dungeon overview? [ynq] (y) y

Inventory:
 Amulets  ('"')
  b - the Amulet of Yendor named >>> REAL <<<
 Weapons  (')')
  a - the blessed +6 Sting (weapon in right hand)
 Armor    ('[')
  q - a blessed rustproof +4 dwarvish iron helm (being worn)
  P - a blessed rustproof +4 pair of gauntlets of power (being worn)
  U - a blessed fireproof +4 pair of speed boots (being worn)
  X - a blessed +4 shield of reflection (being worn)
  E - a blessed fireproof +4 cloak of protection (being worn)
  F - a blessed +4 Hawaiian shirt with a ukulele motif (being worn)
  N - a blessed +4 gray dragon scale mail (being worn)
 Comestibles  ('%')
  w - 2 uncursed randomfruits
  H - an uncursed C-ration
  r - an uncursed cockatrice corpse
  T - 3 uncursed lizard corpses
 Spellbooks  ('+')
  R - the uncursed Book of the Dead
 Potions  ('!')
  I - 2 uncursed potions of extra healing
 Rings    ('=')
  i - a blessed ring of conflict (on right hand)
  v - a blessed ring of levitation (on left hand)
  z - an uncursed +1 ring of protection
  M - a blessed ring of slow digestion
 Wands    ('/')
  t - a wand of cold (4:7)
  l - a wand of death (1:4)
  Z - a wand of death (1:1)
  m - a wand of death (0:0)
  O - a cursed wand of teleportation (1:7)
 Tools    ('(')
  f - a blessed bag of holding containing 113 items
  B - the blessed Bell of Opening (0:2)
  s - an uncursed blindfold (being worn)
  h - the blessed Candelabrum of Invocation (7 of 7 candles attached)
  n - an uncursed magic lamp (lit)
  x - an uncursed skeleton key
  g - a blessed +0 unicorn horn
 Gems/Stones  ('*')
  p - a blessed luckstone

Contents of the bag of holding:
  an uncursed amulet of flying
  an uncursed amulet of life saving
  the blessed Eye of the Aethiopica
  the rustproof +0 Magicbane
  the +1 Fire Brand
  the blessed +2 Giantslayer
  the +0 Orcrist
  the rustproof +2 Trollsbane
  an uncursed randomfruit
  an uncursed slime mold
  an uncursed apple
  2 uncursed bananas
  5 uncursed carrots
  an uncursed clove of garlic
  an uncursed cream pie
  2 uncursed food rations
  an uncursed K-ration
  7 uncursed kelp fronds
  2 blessed tins of Wizard of Yendor meat
  an uncursed egg
  a cursed lizard corpse
  3 uncursed scrolls of blank paper named earth
  a cursed scroll of blank paper
  a blessed scroll of charging
  an uncursed scroll of charging
  an uncursed scroll of enchant armor
  2 blessed scrolls of genocide
  3 uncursed scrolls of identify
  a cursed scroll of identify
  4 blessed scrolls of remove curse
  an uncursed scroll of remove curse
  an uncursed scroll of scare monster
  a cursed scroll of teleportation
  2 uncursed potions of extra healing
  a blessed potion of full healing
  an uncursed diluted potion of full healing
  a blessed potion of restore ability
  3 uncursed potions of restore ability
  18 potions of holy water
  an uncursed ring of conflict
  an uncursed ring of conflict
  a cursed ring of conflict
  an uncursed ring of levitation
  an uncursed ring of levitation
  an uncursed ring of levitation
  an uncursed ring of levitation
  an uncursed ring of levitation
  an uncursed ring of levitation
  an uncursed ring of polymorph
  a cursed ring of polymorph
  an uncursed ring of polymorph control
  an uncursed ring of polymorph control
  an uncursed +1 ring of protection
  an uncursed ring of slow digestion
  an uncursed ring of slow digestion
  an uncursed ring of slow digestion
  an uncursed ring of slow digestion
  an uncursed ring of slow digestion
  an uncursed ring of slow digestion
  a cursed ring of teleportation
  a wand of cold (0:7)
  a wand of cold (0:4)
  a wand of cold (0:1)
  a wand of cold (0:1)
  a wand of cold (0:0)
  a wand of death (1:0)
  a wand of enlightenment (1:3)
  a wand of fire (0:6)
  a wand of locking (0:2)
  a wand of nothing (2:4)
  a wand of polymorph (0:0)
  a wand of polymorph (1:0)
  a wand of polymorph (0:0)
  a wand of striking (0:3)
  a wand of teleportation (1:15)
  a wand of teleportation (0:8)
  a wand of teleportation (2:7)
  a wand of teleportation (0:6)
  a wand of teleportation (0:3)
  a wand of teleportation (0:0)
  a wand of teleportation (0:0)
  a cursed wand of teleportation (0:8)
  a wand of wishing (0:1)
  an empty cursed oilskin sack
  an empty uncursed sack
  a can of grease (0:20)
  an uncursed magic lamp
  an uncursed magic lamp
  an uncursed magic lamp
  a blessed magic marker (0:35)
  a blessed magic marker (0:3)
  a blessed tinning kit (0:53)
  11 uncursed agate stones
  7 uncursed amber stones
  19 uncursed amethyst stones
  an uncursed aquamarine stone
  an uncursed black opal
  13 uncursed chrysoberyl stones
  2 uncursed citrine stones
  15 uncursed diamonds
  2 uncursed dilithium crystals
  9 uncursed emeralds
  14 uncursed fluorite stones
  7 uncursed garnet stones
  an uncursed jacinth stone
  21 uncursed jade stones
  14 uncursed jasper stones
  9 uncursed jet stones
  13 uncursed obsidian stones
  13 uncursed opals
  9 uncursed rubies
  4 uncursed sapphires
  33 uncursed topaz stones

DeathOnAStick the Wizard's attributes:

Background:
 You were a Wizard, level 28 male human.
 You were neutral, on a mission for Thoth
 who was opposed by Ptah (lawful) and Anhur (chaotic).
 You were right-handed.
 You were in the endgame, on the Astral Plane.
 You entered the dungeon 63445 turns ago.
 It was nighttime.
 You had 80051827 experience points, 9948173 more were needed for level 29.
 Your score was 1484214 before end-of-game adjustments.

Basics:
 You had 0 out of 231 hit points.
 You had all 373 energy points (spell power).
 Your armor class was -43.
 Your wallet was empty.
 Autopickup was off.

Final Characteristics:
 Your strength was 25 (base:18/67, innate limit:18/100).
 Your dexterity was 18 (limit:18).
 Your constitution was 17 (peak:18, limit:18).
 Your intelligence was 18 (limit:18).
 Your wisdom was 18 (limit:18).
 Your charisma was 18 (limit:18).

Final Status:
 You were levitating.
 You were terminally sick from illness.
 You were stunned.
 You were deliberately blind.
 You weren't hungry.
 You were unencumbered.
 You were wielding a dagger.
 You had expert skill with dagger.

Final Attributes:
 You were the Envoy of Balance.
 You were piously aligned.
 You were magic-protected.
 You were fire resistant.
 You were cold resistant.
 You were sleep resistant.
 You were disintegration resistant.
 You were shock resistant.
 You were poison resistant.
 You would have seen invisible when not blind.
 You were telepathic.
 You were warned.
 You were aware of the presence of orcs.
 You caused conflict.
 You had teleport control.
 You had a moderate defense bonus (+7).
 You were protected.
 You were very fast.
 You had reflection.
 You were extremely lucky.
 You had extra luck.
 Good luck did not time out for you.
 You are dead (3rd time!).

Miscellaneous:
 You encountered 1 bones level.
 Total elapsed playing time was 21 hours and 21 minutes.

Major events:
 Turn
    1: DeathOnAStick the neutral male human Wizard entered the dungeon
  858: attained the rank of Conjurer (level 3)
 1300: read a Discworld novel
 2050: entered the Gnomish Mines
 2066: attained the rank of Thaumaturge (level 6)
 2625: reached Mine Town
 3252: found Giantslayer in a shop
 3364: chose a runed dagger to be named "Sting"
 3368: made his first wish - "blessed +2 gray dragon scale mail", got "a gray dragon scale mail"
 8076: acquired the Mines' End luckstone
11386: attained the rank of Magician (level 10)
12172: performed his first genocide (class h)
16007: entered the Bigroom
16204: was bestowed with Magicbane by Thoth
16401: entered Sokoban
16600: completed 1st Sokoban level
16838: completed 2nd Sokoban level
17139: completed 3rd Sokoban level
17684: completed 4th Sokoban level
17820: acquired the Sokoban amulet of reflection
19247: found Fire Brand on the floor
21082: found Trollsbane carried by a monster
21303: entered Home 1, the Quest
23885: killed Croesus
30323: became Thoth's Envoy of Balance
30323: was bestowed with spellbook of finger of death
31311: killed Medusa
31311: attained the rank of Enchanter (level 14)
31778: Neferet the Green has granted access to proceed deeper into the quest
31836: entered Home 2, the Quest
31908: entered Home 3, the Quest
32311: entered Home 4, the Quest
32437: entered Home 5, the Quest
32569: found the Eye of the Aethiopica on the floor
32610: killed the Dark One
32611: acquired the Bell of Opening
35150: entered Gehennom
35453: attained the rank of Sorcerer (level 18)
36959: chose a runed broadsword to be named "Orcrist"
42365: genocided class ;
42366: genocided class L
42369: genocided class P
42590: genocided class N
42591: genocided class V
44117: killed Asmodeus
44319: genocided class g
46655: attained the rank of Necromancer (level 22)
46856: killed Baalzebub
47109: killed Geryon
47683: destroyed Vlad the Impaler
47685: acquired the Candelabrum of Invocation
48658: killed Orcus
48865: genocided class R
56105: killed Yeenoghu
56398: averted death (choked on a quivering blob corpse)
59131: attained the rank of Wizard (level 26)
59212: genocided class e
59376: killed Juiblex
60419: killed the Wizard of Yendor
60421: acquired the Book of the Dead
60664: performed the invocation
60673: killed the Wizard of Yendor (2nd time)
60782: killed the high priest of Moloch
60784: acquired The Amulet of Yendor
60785: wished for "2 blessed scrolls of genocide", got "2 scrolls of genocide"
62125: killed the Wizard of Yendor (3rd time)
62314: killed the Wizard of Yendor (5th time)
62744: entered the Elemental Planes
62744: entered Plane of Earth
62854: entered Plane of Air
62940: entered Plane of Fire
63103: entered Plane of Water
63309: entered the Astral Plane
63327: found Demonbane carried by a monster
63343: Famine has been killed
63356: found Frost Brand carried by a monster
63363: the high priestess of Ptah has been killed
63374: Famine has been killed (2nd time)
63404: Pestilence has been killed
63440: averted death (killed by invisible Pestilence)
63445: killed by an orange dragon

Spells:
 Name                 Level Category     Fail Retention
 force bolt             1   attack       100%    (gone)
 light                  1   divination   100%  76%-100%
 levitation             4   escape       100%    (gone)
 cancellation           7   matter       100%    (gone)
 create monster         2   clerical     100%    (gone)
 haste self             3   escape       100%    (gone)
 finger of death        7   attack       100%    (gone)
 detect food            2   divination   100%    (gone)
 cure blindness         2   healing      100%    (gone)
 detect treasure        4   divination   100%    (gone)
 dig                    5   matter       100%    (gone)
 turn undead            6   clerical     100%    (gone)
 charm monster          5   enchantment  100%    (gone)
 detect unseen          3   divination   100%    (gone)
 clairvoyance           3   divination   100%    1%-25%
 magic mapping          5   divination   100%  76%-100%
 cone of cold           4   attack       100%   71%-80%
 wizard lock            2   matter       100%    1%-25%
 teleport away          6   escape       100%    1%-25%
 remove curse           3   clerical     100%    1%-25%
 restore ability        4   healing      100%  76%-100%
 fireball               4   attack       100%   71%-80%
 cure sickness          3   healing      100%   26%-50%
 identify               3   divination   100%  76%-100%
 extra healing          3   healing      100%  76%-100%

Skills:
 Fighting Skills
   bare handed combat [Unskilled]
   riding             [Unskilled]
 Weapon Skills
   dagger             [Expert]
   knife              [Unskilled]
   axe                [Unskilled]
   short sword        [Unskilled]
   long sword         [Unskilled]
   club               [Unskilled]
   mace               [Unskilled]
   quarterstaff       [Skilled]
   polearms           [Unskilled]
   spear              [Unskilled]
   trident            [Unskilled]
   sling              [Unskilled]
   dart               [Unskilled]
   shuriken           [Unskilled]
 Spellcasting Skills
   attack spells      [Basic]
   healing spells     [Unskilled]
   divination spells  [Unskilled]
   enchantment spells [Basic]
   clerical spells    [Unskilled]
   escape spells      [Unskilled]
   matter spells      [Unskilled]

Voluntary challenges:
 Character rerolling was not enabled.
 You genocided 41 types of monsters.
 You used 2 wishes.
 You did not wish for any artifacts.
 You violated the special Sokoban rules twice.
Achievements:
 You entered a shop.
 You attained the rank of Conjurer.
 You read from a Discworld novel.
 You entered the Gnomish Mines.
 You attained the rank of Thaumaturge.
 You entered Minetown.
 You entered a temple.
 You completed the Gnomish Mines.
 You attained the rank of Magician.
 You entered the Big Room.
 You entered Sokoban.
 You completed Sokoban.
 You learned the tune to open and close the Castle's drawbridge.
 You defeated Medusa.
 You attained the rank of Enchanter.
 You had the Bell of Opening.
 You entered Gehennom.
 You attained the rank of Sorcerer.
 You attained the rank of Necromancer.
 You had the Candelabrum of Invocation.
 You attained the rank of Wizard.
 You had the Book of the Dead.
 You gained access to Moloch's Sanctum.
 You had the Amulet of Yendor.
 You reached the Elemental Planes.
 You reached the Astral Plane.

 The Elemental Planes:
    Astral Plane: <- You were here.
       Some temples and an altar.
       Final resting place for
          you, killed by an orange dragon.
    Plane of Water:
    Plane of Fire:
    Plane of Air:
    Plane of Earth:
 The Dungeons of Doom: levels 1 to 26
    Level 1:
       A fountain.
       One way stairs up to The Elemental Planes.
    Level 2:
       An armor shop.
    Level 3:
    Level 4:
       Many fountains.
       Stairs down to The Gnomish Mines.
    Level 5:
       A scroll shop.
    Level 6:
       A throne.
    Level 7:
       An altar to Thoth, a throne.
    Level 8:
       An altar to Thoth, a sink, a grave.
    Level 9:
       Many fountains.
       Oracle of Delphi.
    Level 10:
       A potion shop, a fountain.
       Stairs up to Sokoban, level 9.
    Level 11:
       A fountain.
       Portal to Fort Ludios.
    Level 12:
       A very big room.
    Level 13:
       A temple and some altars.
    Level 14:
       A temple and an altar, a sink, a grave.
       Final resting place for
          merpish-Ran-Gno-Mal-Neu, killed by an Aleax,
          gbast73-Bar-Orc-Mal-Cha, killed by a panther.
    Level 15:
       A fountain.
       Portal to The Quest.
    Level 16:
       An altar to Thoth.
    Level 17:
       Some fountains.
    Level 18:
       A primitive area.
    Level 19:
       A fountain.
    Level 20:
    Level 21:
       A fountain.
    Level 22:
       An altar to Thoth.
    Level 23:
       Some fountains.
    Level 24:
    Level 25:
       A fountain.
    Level 26:
       A throne, a fountain.
       The castle (play notes "DAGAC" to open or close drawbridge).
       Connection to Gehennom.
 Gehennom: levels 27 to 50
    Level 27:
       A temple and an altar, many graves.
       Valley of the Dead.
    Level 28:
    Level 29:
    Level 30:
       Some fountains.
    Level 31:
    Level 32:
    Level 33:
    Level 34:
    Level 35:
    Level 36:
    Level 37:
    Level 38:
       Some shops, an altar, many graves.
       Stairs up to Vlad's Tower, level 37.
    Level 39:
    Level 40:
    Level 41:
    Level 42:
    Level 43:
    Level 44:
    Level 45:
    Level 46:
    Level 47:
    Level 48:
    Level 49:
    Level 50:
       A temple and an altar, many graves.
       Moloch's Sanctum.
 The Gnomish Mines: levels 5 to 13
    Level 5:
    Level 6:
    Level 7:
       Many shops, a temple and an altar, some fountains, some trees.
    Level 8:
    Level 9:
    Level 10:
    Level 11:
    Level 12:
    Level 13:
 The Quest: levels 1 to 5
    Level 1:
       A throne.
       Completed quest for Neferet the Green.
    Level 2:
    Level 3:
    Level 4:
    Level 5:
       A temple and an altar.
 Sokoban: levels 9 up to 6
    Level 6:
       Solved.
    Level 7:
       Solved.
    Level 8:
       Solved.
    Level 9:
       Solved.
 Fort Ludios:
    Level 1:
       A throne.
 Vlad's Tower: levels 37 up to 35
    Level 35:
       A throne.
    Level 36:
    Level 37:


Vanquished creatures:
    Asmodeus
    Baalzebub
    Geryon
    Orcus
    Yeenoghu
    Juiblex
the Wizard of Yendor (8 times)
    Pestilence
    Famine (twice)
    Vlad the Impaler
  2 high clerics
  3 mastodons
    Medusa
    Croesus
 12 iron golems
  a master lich
  a ki-rin
  5 storm giants
  2 titans
  3 glass golems
 12 balrogs
  9 purple worms
  5 gray dragons
  5 gold dragons
  a silver dragon
  9 red dragons
  5 white dragons
  5 orange dragons
  5 black dragons
  2 blue dragons
  5 green dragons
  3 yellow dragons
 26 minotaurs
  2 jabberwocks
the Dark One
 11 baluchitheria
 12 Angels
  2 demiliches
  8 stone golems
  7 Olog-hai
  5 Nazgul
 19 pit fiends
  5 sandestins
  5 hell hounds
  4 displacer beasts
  5 titanotheres
  3 trappers
  a baby gray dragon
  4 baby red dragons
  5 genetic engineers
  a disenchanter
  5 vampire leaders
  7 skeletons
 15 aligned clerics
  9 captains
  6 shades
  4 liches
  3 water trolls
  8 clay golems
 10 nurses
 15 ice devils
  7 nalfeshnees
  2 lurkers above
  5 Aleaxes
  4 frost giants
  8 ettins
  a golden naga
 10 vampires
 13 lieutenants
 37 ghosts
  3 queen bees
 11 giant mimics
  9 long worms
  8 zruties
 13 fire giants
 13 ogre tyrants
  6 ice trolls
  6 rock trolls
 10 umber hulks
 13 flesh golems
 11 elven monarchs
  4 doppelgangers
 18 hezrous
 33 bone devils
 14 large mimics
  3 wumpuses
 14 fire vortices
  8 couatls
 12 stalkers
 10 air elementals
 19 fire elementals
 16 earth elementals
 23 water elementals
  5 hill giants
  4 giant mummies
  2 black nagas
 17 xorns
 16 giant zombies
 13 elf-nobles
 15 sergeants
 12 barbed devils
 30 vrocks
 11 salamanders
  9 wargs
  5 winter wolves
 14 hell hound pups
 26 small mimics
  3 glass piercers
  7 warhorses
 14 steam vortices
 16 xans
  4 ettin mummies
 15 ogre leaders
 11 quantum mechanics
 32 trolls
  4 sasquatches
  8 wood golems
  7 mariliths
  4 sharks
 22 gelatinous cubes
  5 pyrolisks
  4 large dogs
  3 freezing spheres
 13 flaming spheres
  8 shocking spheres
  4 large cats
 11 tigers
  5 gargoyles
  a dwarf ruler
 12 tengu
 10 ochre jellies
 12 leocrottas
  4 energy vortices
  4 mountain centaurs
 11 stone giants
 14 elf mummies
  4 human mummies
  5 red nagas
  a green slime
  7 pythons
  7 pit vipers
 20 cobras
 49 wraiths
  2 carnivorous apes
 14 ettin zombies
  2 leather golems
 21 Grey-elves
120 soldiers
 16 amorous demons
 10 horned devils
 11 chameleons
  8 crocodiles
 38 giant beetles
 11 quivering blobs
 21 cockatrices
 20 wolves
 13 winter wolf cubs
  4 lynxes
  6 panthers
 35 gremlins
  3 spotted jellies
 18 leprechauns
  4 orc-captains
  8 iron piercers
  5 mumakil
 18 giant spiders
 12 scorpions
  5 horses
  4 ice vortices
 14 black lights
 63 vampire bats
  4 forest centaurs
  5 gnome rulers
  7 orc mummies
  3 dwarf mummies
 15 ogres
  3 brown puddings
 10 rust monsters
 11 owlbears
 11 yetis
  5 gold golems
  4 werewolves
 18 Green-elves
 11 giant eels
 19 lizards
 12 chickatrices
  2 dingoes
  3 dogs
  5 housecats
 11 jaguars
  a dwarf leader
  3 blue jellies
  6 white unicorns
  2 black unicorns
  7 dust vortices
 21 ravens
  5 plains centaurs
  4 gnome mummies
  7 snakes
  5 water moccasins
  9 apes
 18 human zombies
  3 rope golems
 20 Woodland-elves
 50 soldier ants
 36 fire ants
 14 bugbears
  9 imps
 13 quasits
  5 wood nymphs
  3 water nymphs
  2 mountain nymphs
 20 Mordor orcs
 15 Uruk-hai
  4 orc shamans
  4 rock piercers
  8 rock moles
  2 ponies
 11 fog clouds
 17 yellow lights
  3 shriekers
  8 violet fungi
 33 gnome leaders
  9 gnomish wizards
  3 kobold mummies
  7 gray oozes
  5 barrow wights
 21 elf zombies
 15 ghouls
  5 straw golems
  4 paper golems
  3 jellyfish
  a baby crocodile
 40 giant ants
  2 little dogs
 18 floating eyes
 23 dwarves
 11 homunculi
  4 kobold leaders
  6 kobold shamans
 27 hill orcs
 12 rothes
  7 rabid rats
  4 centipedes
 18 giant bats
  a Kop Sergeant
  2 monkeys
 19 orc zombies
 17 dwarf zombies
  a wererat
  2 werejackals
  8 iguanas
 95 killer bees
  3 acid blobs
 10 coyotes
  7 gas spores
  5 hobbits
 11 manes
  2 large kobolds
 23 hobgoblins
 13 giant rats
  7 cave spiders
  5 brown molds
  3 yellow molds
  a green mold
  a red mold
 85 gnomes
  4 garter snakes
 14 gnome zombies
 12 geckos
 10 jackals
  4 foxes
  7 kobolds
 13 goblins
  5 sewer rats
  4 grid bugs
  8 bats
  7 lichens
 16 kobold zombies
 16 newts
2946 creatures vanquished.

Genocided or extinct species:
 arch-liches
 krakens
 master liches
 demiliches
 master mind flayers
 Nazgul (extinct)
 guardian nagas
 disenchanters
 vampire leaders
 liches
 golden nagas
 black puddings
 vampires
 winged gargoyles
 mind flayers
 black nagas
 erinyes (extinct)
 sharks
 electric eels
 freezing spheres
 flaming spheres
 shocking spheres
 gargoyles
 dwarf rulers
 red nagas
 green slimes
 soldiers (extinct)
 gremlins
 brown puddings
 rust monsters
 piranha
 giant eels
 dwarf leaders
 bugbears
 red naga hatchlings
 black naga hatchlings
 golden naga hatchlings
 guardian naga hatchlings
 gray oozes
 jellyfish
 floating eyes
 dwarves
 gas spores
 hobbits
41 species genocided.
3 species extinct.

Game over:
                       ----------
                      /          \
                     /    REST    \
                    /      IN      \
                   /     PEACE      \
                  /                  \
                  |  DeathOnAStick   |
                  |       0 Au       |
                  |   killed by an   |
                  |  orange dragon   |
                  |                  |
                  |                  |
                  |       2026       |
                 *|     *  *  *      | *
        _________)/\\_//(\/(/\)/\//\/|_)_______

Goodbye DeathOnAStick the Wizard...

You died in The Astral Plane with 1484214 points,
and 0 pieces of gold, after 63445 moves.
You were level 28 with a maximum of 231 hit points when you died.

